 Dungeon Crawl Stone Soup version 0.27-a0-1189-gb8eb6cee8e (webtiles) character file.

Game seed: 17569241391927614200

459177 bilbop the Tortoise (level 23, -2/213 (217) HPs)
             Began as a Minotaur Fighter on May 18, 2021.
             Was the Champion of Yredelemnul.
             Slain by Amikeex's ghost (22 damage)
             ... on level 8 of a ziggurat on May 22, 2021.
             The game lasted 10:50:24 (75585 turns).

bilbop the Tortoise (Minotaur Fighter)             Turns: 75585, Time: 10:50:25

HP:   -2/213 (217)  AC: 41    Str: 24    XL:     23   Next: 33%
MP:   34/34         EV: 17    Int:  5    God:    Yredelemnul [******]
Gold: 4791          SH: 17    Dex: 24    Spells: 22/22 levels left

rFire    + + +     SeeInvis +   a - +8 morningstar of the Desert {venom, rF+ Dex+4 Stlth+}
rCold    + + +     Faith    .   p - +2 shield of Resistance {rF++ rC++ Will++}
rNeg     . . .     Spirit   .   f - +0 gold dragon scales
rPois    +         Reflect  .   w - +2 hat {Will+}
rElec    +         Harm     .   J - +2 cloak {rPois}
rCorr    .         Rampage  .   S - +2 pair of gloves
Will     +++++                  W - +2 pair of boots
Stlth    ..........             A - amulet "Myleesip" {rF- rC+ Will+ Regen+}
HPRegen  1.45/turn              u - ring of Qoextixirph {rC- AC+4 Dex+5 SInv}
MPRegen  0.24/turn              T - ring "Jejeores" {Fly rElec}

@: about to teleport, flying, studying 4 skills, lightly drained
A: horns 2, retaliatory headbutt, dopey 1
}: 2/15 runes: decaying, gossamer
a: Renounce Religion, Recall Undead Slaves, Injury Mirror, Animate Dead, Drain
Life, Enslave Soul


You were on level 8 of a ziggurat.
You worshipped Yredelemnul.
Yredelemnul was exalted by your worship.
You visited 9 branches of the dungeon, and saw 44 of its levels.
You visited 1 ziggurat, and saw 8 of its levels.
You also visited: Trove.

You collected 5191 gold pieces.
You spent 400 gold pieces at shops.

Inventory:

Hand Weapons
 a - the +8 morningstar of the Desert (weapon) {venom, rF+ Dex+4 Stlth+}
   (You bought it in a shop on level 1 of the Orcish Mines)

   It poisons the flesh of those it strikes.
   It affects your dexterity (+4).
   It protects you from fire.
   It makes you more stealthy.
 b - a +5 hand crossbow of flaming
 i - a +2 vorpal eveningstar
 M - a +6 demon trident of freezing
 X - the +4 trident "Parappae" {vorpal, MP-9 Dex+6 SInv}
   (You acquired it on level 11 of the Dungeon)

   It inflicts extra damage upon your enemies.
   It affects your dexterity (+6).
   It affects your magic capacity (-9).
   It lets you see invisible.
Missiles
 r - 1009 bolts
 s - 9 boomerangs of dispersal (quivered)
Armour
 f - +0 gold dragon scales (worn)
 p - the +2 shield of Resistance (worn) {rF++ rC++ Will++}
   (You took it off a deep elf annihilator on level 3 of the Elven Halls)

   It greatly protects you from fire.
   It greatly protects you from cold.
   It greatly increases your willpower.
 w - a +2 hat of willpower (worn)
 J - a +2 cloak of poison resistance (worn)
 L - a +2 kite shield of reflection
 S - a +2 pair of gloves (worn)
 W - a +2 pair of boots (worn)
 Y - the +10 crystal plate armour of Leapfrog {Str+6}
   (You acquired it on level 3 of the Depths)

   It affects your strength (+6).
 Z - a +3 kite shield of protection
Jewellery
 q - the amulet of Mutualism {*Slow Regen+ Int+7 Dex+9 Stlth-}
   (You took it off a deep elf archer on level 3 of the Elven Halls)

   [amulet of regeneration]

   It affects your intelligence (+7).
   It affects your dexterity (+9).
   It increases your rate of health regeneration.
   It may slow you when you take damage.
   It makes you less stealthy.
 u - the ring of Qoextixirph (left hand) {rC- AC+4 Dex+5 SInv}
   (You took it off a deep elf death mage on level 3 of the Elven Halls)

   [ring of protection]

   It affects your AC (+4).
   It affects your dexterity (+5).
   It makes you vulnerable to cold.
   It lets you see invisible.
 A - the amulet "Myleesip" (around neck) {rF- rC+ Will+ Regen+}
   (You took it off a deep elf death mage on level 3 of the Elven Halls)

   [amulet of regeneration]

   It makes you vulnerable to fire.
   It protects you from cold.
   It increases your rate of health regeneration.
   It increases your willpower.
 B - a ring of protection from fire
 F - a ring of poison resistance
 H - a +4 ring of protection
 I - a ring of resist corrosion
 P - a +6 ring of intelligence
 T - the ring "Jejeores" (right hand) {Fly rElec}
   (You found it on level 1 of the Lair of Beasts)

   [ring of flight]

   It insulates you from electricity.
   It grants you flight.
Wands
 c - a wand of polymorph (13)
 m - a wand of mindburst (21)
 x - a wand of charming (22)
 y - a wand of iceblast (68)
 z - a wand of digging (6)
 C - a wand of acid (80)
 O - a wand of paralysis (39)
Scrolls
 g - 4 scrolls of fear
 h - a scroll of blinking
 l - 10 scrolls of magic mapping
 n - 6 scrolls of enchant armour
 o - 6 scrolls of enchant weapon
 t - 18 scrolls of teleportation
 E - 3 scrolls of summoning
 U - 2 scrolls of silence
 V - 6 scrolls of identify
Potions
 d - 6 potions of might
 e - 6 potions of resistance
 j - 8 potions of brilliance
 k - 11 potions of curing
 v - 4 potions of invisibility
 D - a potion of magic
 G - 16 potions of ambrosia
 K - 6 potions of haste
 N - 3 potions of heal wounds
 Q - 3 potions of berserk rage
 R - 2 potions of cancellation


   Skills:
 + Level 20.6 Fighting
 - Level 16.0 Maces & Flails
 - Level 14.2 Polearms
 - Level 15.2 Crossbows
 + Level 20.6 Armour
 * Level 18.4 Dodging
 - Level 15.0 Shields
 + Level 17.2 Invocations
 + Level 5.9 Evocations


You had 22 spell levels left.
You didn't know any spells.
Your spell library contained the following spells:

 Spells                   Type           Power      Damage    Failure   Level
 Animate Skeleton         Necr           0%         N/A       100%        1
 Apportation              Tloc           0%         N/A       100%        1
 Beastly Appendage        Tmut           0%         N/A       100%        1
 Corona                   Hex            0%         N/A       100%        1
 Foxfire                  Conj/Fire      0%         2x1d4     100%        1
 Magic Dart               Conj           0%         1d3       100%        1
 Pain                     Necr           0%         1d4       100%        1
 Shock                    Conj/Air       0%         1d3       100%        1
 Summon Small Mammal      Summ           0%         N/A       100%        1
 Blink                    Tloc           N/A        N/A       100%        2
 Call Imp                 Summ           0%         N/A       100%        2
 Corpse Rot               Necr/Air       N/A        N/A       100%        2
 Ensorcelled Hibernation  Hex/Ice        0%         N/A       100%        2
 Passwall                 Tmut/Erth      0%         N/A       100%        2
 Poisonous Vapours        Pois/Air       0%         N/A       100%        2
 Searing Ray              Conj           0%         3d3       100%        2
 Slow                     Hex            0%         N/A       100%        2
 Static Discharge         Conj/Air       0%         N/A       100%        2
 Wereblood                Tmut           0%         N/A       100%        2
 Confusing Touch          Hex            0%         N/A       100%        3
 Conjure Flame            Conj/Fire      0%         6-21      100%        3
 Dazzling Flash           Conj/Hex       0%         N/A       100%        3
 Frozen Ramparts          Ice            0%         1d2       100%        3
 Gell's Gravitas          Tloc           0%         N/A       100%        3
 Ignite Poison            Fire/Tmut/Pois 0%         N/A       100%        3
 Inner Flame              Hex/Fire       0%         N/A       100%        3
 Lesser Beckoning         Tloc           0%         N/A       100%        3
 Mephitic Cloud           Conj/Pois/Air  0%         N/A       100%        3
 Ozocubu's Armour         Ice            0%         N/A       100%        3
 Portal Projectile        Hex/Tloc       0%         N/A       100%        3
 Spider Form              Tmut/Pois      0%         N/A       100%        3
 Summon Guardian Golem    Hex/Summ       0%         N/A       100%        3
 Teleport Other           Tloc           0%         N/A       100%        3
 Tukima's Dance           Hex            0%         N/A       100%        3
 Vampiric Draining        Necr           0%         2d6       100%        3
 Animate Armour           Summ/Erth      0%         N/A       100%        4
 Animate Dead             Necr           0%         N/A       100%        4
 Cause Fear               Hex            0%         N/A       100%        4
 Fulminant Prism          Conj/Hex       0%         3d6       100%        4
 Hailstorm                Conj/Ice       0%         3d3       100%        4
 Ice Form                 Ice/Tmut       0%         N/A       100%        4
 Iskenderun's Mystic Bla  Conj/Tloc      0%         2d3       100%        4
 Leda's Liquefaction      Hex/Erth       0%         N/A       100%        4
 Petrify                  Tmut/Erth      0%         N/A       100%        4
 Summon Ice Beast         Ice/Summ       0%         N/A       100%        4
 Summon Lightning Spire   Summ/Air       0%         N/A       100%        4
 Agony                    Necr           0%         N/A       100%        5
 Alistair's Intoxication  Tmut/Pois      0%         N/A       100%        5
 Borgnjor's Vile Clutch   Necr/Erth      0%         N/A       100%        5
 Fireball                 Conj/Fire      0%         3d3       100%        5
 Hydra Form               Tmut           0%         N/A       100%        5
 Irradiate                Conj/Tmut      0%         3d13      100%        5
 Lightning Bolt           Conj/Air       0%         1d11      100%        5
 Manifold Assault         Tloc           0%         N/A       100%        5
 Metabolic Englaciation   Hex/Ice        0%         N/A       100%        5
 Silence                  Hex/Air        0%         N/A       100%        5
 Summon Forest            Summ/Tloc      0%         N/A       100%        5
 Yara's Violent Unravell  Hex/Tmut       0%         3d3       100%        5
 Blade Hands              Tmut           0%         N/A       100%        6
 Death Channel            Necr           0%         N/A       100%        6
 Freezing Cloud           Conj/Ice/Air   0%         6-21      100%        6
 Invisibility             Hex            0%         N/A       100%        6
 Shadow Creatures         Summ           N/A        N/A       100%        6
 Simulacrum               Ice/Necr       0%         N/A       100%        6
 Starburst                Conj/Fire      0%         8x6d3     100%        6
 Statue Form              Tmut/Erth      0%         N/A       100%        6
 Dragon Form              Tmut           0%         N/A       100%        7
 Spellforged Servitor     Conj/Summ      0%         N/A       100%        7
 Discord                  Hex            0%         N/A       100%        8
 Disjunction              Tloc           0%         N/A       100%        8
 Ignition                 Fire           0%         3d3       100%        8
 Dragon's Call            Summ           0%         N/A       100%        9
 Shatter                  Erth           0%         3d5*      100%        9
 Tornado                  Air            0%         N/A       100%        9


Dungeon Overview and Level Annotations

Branches:
Dungeon (15/15)            Temple (1/1) D:5            Lair (6/6) D:9
  Swamp (4/4) Lair:2       Spider (4/4) Lair:3        Slime (0/5) Lair:6
    Orc (2/2) D:10            Elf (3/3) Orc:2        Vaults (4/5) D:13
  Crypt (0/3) Vaults:3     Depths (5/5) D:15            Zot (0/5) Depths:5

Altars:
Ashenzari
Cheibriados
Dithmenos
Elyvilon
Fedhas
Gozag
Hepliaklqana
Kikubaaqudgha
Makhleb
Nemelex Xobeh
Okawaru
Qazlal
Ru
Sif Muna
Trog
Uskayaw
Vehumet
Wu Jian
Xom
Yredelemnul
Zin
The Shining One
Beogh
Lugonu

Shops:
D:15 (   Orc:1 (*:(   Orc:2 ?(?*   Vaults:3 (   Vaults:4 *[:   Depths:1 :=:

Portals:
Hell: Depths:1 Depths:2 Depths:3 Depths:4 Depths:5
Abyss: Depths:2 Depths:3 Depths:4
Pandemonium: Depths:1 Depths:2 Depths:3

Annotations:
D:10 3 runed translucent doors, 3t5h's ghost, journeyman VSMo
D:14 1 runed translucent door, exclusion: orange crystal statue
Lair:2 exclusion: oklob plant
Lair:3 2 transporters, Jempith's ghost, journeyman MiFi
Lair:6 1 runed translucent door, exclusion: 3 oklob plants, rjrrt's ghost, journeyman DsBe
Swamp:2 4 runed translucent doors, Kular's ghost, adept MiBe
Swamp:3 2 transporters, HendSelp's ghost, adept MiGl
Elf:2 5 runed translucent doors
Depths:1 6 runed translucent doors
Zig:8 Amikeex's ghost, adept TrMo; relicbr's ghost, legendary NaIE


Innate Abilities, Weirdness & Mutations

You have a pair of horns on your head.
You reflexively headbutt those who attack you in melee.
You are dopey. (Int -2)


Message History

As you read the scroll of teleportation, it crumbles to dust.
You feel strangely unstable.
The phantasmal warrior blinks!
You block the wight's attack.
Amikeex's ghost hits you but does no damage.
The curse skull rattles its jaw.
Blink to where?
Press: ? - help, Dir - move target, f - you, p - curse skull
Okay, then.
You hit the curse skull.
The curse skull is severely damaged.
The phantasmal warrior blinks!
You block the wight's attack. Amikeex's ghost barely misses you.
You furiously retaliate!
You headbutt Amikeex's ghost, but do no damage.
The curse toe calls on the powers of darkness!
Your body is wracked with pain!
* * * LOW HITPOINT WARNING * * *
You puncture the curse skull! You headbutt the curse skull.
The curse skull is almost destroyed.
You block the freezing wraith's attack. The freezing wraith barely misses you.
The wight barely misses you. You block Amikeex's ghost's attack.
You bludgeon the curse skull!!
You destroy the curse skull!
Yredelemnul accepts your kill.
The freezing wraith disappears in a puff of smoke!
The wight disappears in a puff of smoke!
The phantasmal warrior disappears in a puff of smoke!
The wight disappears in a puff of smoke!
The wraith disappears in a puff of smoke!
The necrophage disappears in a puff of smoke!
The freezing wraith disappears in a puff of smoke!
The wight disappears in a puff of smoke!
You have finished your manual of Dodging and toss it away.
Press: ? - help, v - describe, . - travel The floor.
Unknown command.
You hit Amikeex's ghost but do no damage.
You headbutt Amikeex's ghost, but do no damage.
Amikeex's ghost hits you!!
You die...
Your body rises from the dead as a mindless zombie.

▓▓ ▓▓▓▓▓f▓▓▓▓▓
▓.........▓▓▓
......fff....▓▓
..............▓▓
.........°.....▓
:t.....☼..°....▓
W○.........z.§§▓▓
○)○z........§WW@▓
6.........§..§.▓▓
...........§§▓
.........(.§▓
..........▓▓
.....(..▓▓
.....▓▓ .▓▓▓▓


You could see a curse toe, a deathcap (summoned), Amikeex's ghost and relicbr's
ghost (invisible).

Vanquished Creatures
  A dread lich (Vaults:4)
  A juggernaut (Depths:2)
  A caustic shrike (Depths:4)
  3 golden dragons
  the Enchantress (Depths:1)
  A lich (Depths:2)
  4 tentacled monstrosities
  Asterion (Spider:3)
  A titan (Depths:2)
  2 quicksilver dragons
  A deep elf master archer (Elf:3)
  3 sphinxes
  Kirke (Swamp:3)
  4 tengu reavers
  5 shadow dragons
  A thorn hunter (Swamp:4)
  A storm dragon (Depths:5)
  3 draconian monks (Depths:5)
  9 fire giants
  3 frost giants
  A ghost moth (Spider:4)
  A curse skull (Zig:8)
  An iron dragon (Depths:4)
  5 deep elf sorcerers
  3 emperor scorpions
  2 ghouls
  A vault warden (Vaults:3)
  5 spriggan defenders
  6 deep elf elementalists
  7 ironbound preservers
  A war gargoyle (Zig:6)
  7 stone giants
  9 very ugly things
  3 green draconians (Depths:5)
  4 vampire knights
  2 black draconians (Depths:5)
  2 entropy weavers
  4 deep elf demonologists
  2 lorocyprocas (Depths:5)
  3 purple draconians (Depths:5)
  6 deep elf annihilators
  A spark wasp (Depths:5)
  A bunyip (Swamp:2)
  8 white draconians (Depths:5)
  A dire elephant (Vaults:2)
  4 deep elf death magi
  2 eleionomae (Swamp:2)
  A green death (Depths:3)
  3 fire dragons
  5 ettins
  4 yaktaur captains
  2 deep elf high priests
  Josephine (D:12)
  4 great orbs of eyes
  A monstrous demonspawn (Depths:3)
  4 vault guards
  2 boulder beetles
  Fannar (Lair:3)
  8 hydras
  A naga warrior (Zig:2)
  2 ogre magi
  2 rakshasas
  3 ice dragons (Depths:4)
  3 spriggan air magi (Depths:3)
  17 centaur warriors
  A catoblepas (Lair:3)
  7 ironbound frosthearts
  An anaconda (Zig:2)
  15 two-headed ogres
  5 tengu warriors
  4 deep troll shamans
  2 death knights (Vaults:3)
  2 vampire magi
  11 death yaks
  3 deep troll earth magi (Depths:2)
  A spriggan berserker (Depths:3)
  7 alligators
  10 dancing weapons
  12 deep elf knights
  2 ironbound beastmasters
  A sun demon (Depths:2)
  3 iron trolls (Depths:2)
  A hell knight (Vaults:4)
  5 skeletal warriors
  A goliath frog (Swamp:1)
  A goliath frog (shapeshifter) (Depths:2)
  6 bog bodies
  5 deep elf archers
  4 glowing orange brains
  53 deep trolls
  A shadow demon (Zig:7)
  A naga ritualist (Zig:2)
  A tengu zombie (Zig:6)
  A sphinx zombie (Zig:6)
  A flayed ghost (Depths:2)
  7 ironbound convokers
  A harpy (shapeshifter) (D:13)
  7 wizards
  5 lindwurms
  2 necromancers
  25 deep elf pyromancers
  2 swamp dragons (Swamp:4)
  2 harpies (Vaults:1)
  3 orc knights
  4 orb spiders
  3 phantasmal warriors
  A sphinx skeleton (D:15)
  16 deep elf zephyrmancers
  3 cyclopes
  A will-o-the-wisp (Swamp:1)
  22 ugly things
  10 wolf spiders
  A salamander (Depths:5)
  An orc sorcerer (Orc:1)
  4 spectral spriggans (Swamp:1)
  A salamander (shapeshifter) (Zig:4)
  22 elephants
  3 moths of wrath
  3 black mambas
  10 cane toads
  A torpor snail (shapeshifter) (Depths:5)
  10 vault sentinels
  A smoke demon (Depths:3)
  2 kobold demonologists
  2 torpor snails
  10 yaktaurs
  7 komodo dragons
  A komodo dragon (shapeshifter) (Elf:1)
  5 demonic crawlers
  3 tengu conjurers
  3 rime drakes
  An ice devil (Zig:6)
  2 freezing wraiths
  2 ancient zymes
  4 tyrant leeches
  A tormentor (Zig:6)
  5 trolls
  A meliai (D:13)
  14 jumping spiders
  16 hornets
  9 polar bears
  17 slime creatures
  A raiju (Zig:7)
  Prince Ribbit (D:7)
  22 blink frogs
  A spriggan zombie (D:15)
  A fire dragon zombie (D:15)
  7 dream sheep (Lair:4)
  2 air elementals
  28 redbacks
  20 spriggans
  A spriggan skeleton (D:15)
  A flying skull (Zig:7)
  3 wraiths
  2 shadows
  4 water elementals
  4 large abominations
  3 wyverns
  65 yaks
  12 tarantellas
  2 hogs (Swamp:3)
  A steam dragon (D:8)
  2 chaos spawn
  7 humans (D:13)
  Menkaure (D:7)
  A neqoxec (Depths:3)
  6 fire elementals
  14 vampire mosquitoes
  2 wargs (Orc:2)
  13 swamp worms
  9 water moccasins
  2 hell hounds (Orc:2)
  12 orc warriors
  2 ice beasts (D:6)
  9 ogres
  4 black bears
  2 boggarts
  3 centaurs
  2 necrophages
  21 wolves
  A phantom (D:5)
  A human zombie (Vaults:4)
  5 earth elementals
  14 bullfrogs
  A scorpion (D:6)
  A wyvern zombie (D:8)
  2 water moccasin skeletons
  A small abomination (Zig:7)
  20 killer bees
  A wight (Vaults:3)
  2 electric eels
  A crimson imp (D:6)
  6 starcursed masses (Zig:7)
  3 centaur zombies
  An iron imp (Zig:6)
  8 hounds
  3 jellies
  2 centaur skeletons (D:7)
  5 orc priests
  3 bullfrog skeletons
  2 iguanas
  15 orc wizards
  A mummy (Zig:6)
  A howler monkey zombie (D:10)
  6 adders
  2 howler monkey skeletons
  A white imp (D:7)
  An ufetubus (D:5)
  2 adder skeletons (D:4)
  A dart slug (D:1)
  69 orcs
  5 endoplasms
  2 giant cockroaches
  6 goblins
  7 hobgoblins
  8 jackals
  7 kobolds
  8 ball pythons
  7 bats
  4 frilled lizards
  A jackal skeleton (D:4)
  2 rats
  A plant (Vaults:3)
1180 creatures vanquished.

Vanquished Creatures (collateral kills)
  Mara (Spider:4)
  Sojobo (Vaults:1)
  Nikola (Spider:1)
  2 golden dragons
  Arachne (Spider:3)
  2 tentacled monstrosities
  Jorgrun (Swamp:1)
  Rupert (Vaults:1)
  A quicksilver dragon (Depths:5)
  A deep elf master archer (Elf:3)
  A sphinx (Vaults:4)
  2 thorn hunters (Swamp:1)
  3 storm dragons (Depths:5)
  A tengu reaver (Vaults:2)
  3 shadow dragons
  The ghost of robertstho the Tortoise, a journeyman MiBe of Trog (Swamp:1)
  2 draconian monks (Depths:5)
  3 frost giants
  6 fire giants
  A fenstrider witch (Swamp:1)
  An orc warlord (Vaults:4)
  A deep elf sorcerer (Elf:3)
  7 vault wardens
  6 ghost moths
  A deep elf elementalist (Depths:5)
  Louise (Swamp:3)
  2 draconian knights
  8 emperor scorpions
  11 ironbound preservers
  A spriggan defender (Vaults:1)
  A draconian annihilator (Depths:5)
  3 very ugly things
  3 ghouls
  A reaper (Zig:6)
  A deep elf demonologist (Depths:3)
  2 vampire knights
  3 stone giants
  4 green draconians (Depths:5)
  4 dire elephants
  3 black draconians (Depths:5)
  Nessos (Orc:2)
  2 red draconians (Depths:5)
  Azrael (Orc:2)
  4 purple draconians (Depths:5)
  3 white draconians (Depths:5)
  2 entropy weavers
  3 deep elf annihilators (Elf:3)
  2 bunyips
  4 spark wasps
  A blizzard demon (Depths:2)
  6 ettins
  3 fire dragons
  2 yaktaur captains
  A shambling mangrove (Swamp:4)
  2 deep elf death magi (Elf:3)
  7 deep elf high priests
  4 great orbs of eyes
  3 ice dragons
  8 vault guards
  2 boulder beetles
  2 ironbound thunderhulks (Vaults:2)
  2 spriggan air magi
  8 two-headed ogres
  2 ogre magi
  3 ghost crabs
  7 ironbound frosthearts
  A catoblepas (Vaults:2)
  12 hydras
  6 alligators
  6 centaur warriors
  A thrashing horror (Zig:7)
  A deep troll shaman (Depths:5)
  A deep troll earth mage (Depths:2)
  2 spriggan berserkers (Depths:5)
  2 dancing weapons
  3 tengu warriors
  7 ironbound beastmasters
  Urug (D:13)
  A fire crab (Lair:6)
  Nergalle (Orc:1)
  A deep elf knight (Elf:2)
  A spriggan druid (Swamp:1)
  An iron troll (Depths:2)
  3 skeletal warriors (D:15)
  2 large abominations (Zig:7)
  2 goliath frogs
  21 deep trolls
  5 swamp dragons (Swamp:4)
  A glowing orange brain (Depths:2)
  A deep elf archer (Elf:2)
  5 ironbound convokers
  6 lindwurms
  9 bog bodies
  A shadow dragon zombie (Vaults:4)
  A harpy (Vaults:1)
  A tengu zombie (Vaults:4)
  2 wizards
  3 orc knights
  2 phantasmal warriors
  4 deep elf pyromancers
  2 spectral spriggans (Swamp:1)
  17 orb spiders
  5 deep elf zephyrmancers
  A manticore (D:14)
  14 ugly things
  21 wolf spiders
  2 oklob plants (Lair:6)
  2 moths of wrath
  2 orc sorcerers (Orc:2)
  2 salamanders (Depths:5)
  3 elephants (Lair:6)
  6 cyclopes
  2 torpor snails
  A rust devil (Depths:2)
  7 vault sentinels
  3 cane toads
  2 komodo dragons
  5 rime drakes
  12 yaktaurs
  A storm dragon simulacrum (Vaults:4)
  6 demonic crawlers
  A tengu conjurer (D:14)
  A freezing wraith (Swamp:1)
  A queen bee (D:13)
  A meliai (shapeshifter) (Elf:3)
  5 tyrant leeches
  8 trolls
  10 hornets
  24 jumping spiders
  A polar bear (Lair:5)
  2 meliai (D:13)
  7 slime creatures
  7 dream sheep (Lair:6)
  3 blink frogs
  A water elemental (Depths:4)
  15 tarantellas
  2 air elementals (Elf:3)
  8 spriggans
  2 wraiths (D:12)
  55 redbacks
  14 yaks
  A wyvern (Lair:2)
  9 humans (D:13)
  3 fire elementals (Orc:2)
  2 basilisks
  A chaos spawn (Depths:2)
  3 vampire mosquitoes
  8 swamp worms
  2 wargs (Orc:1)
  8 orc warriors
  11 swamp drakes
  15 ogres
  3 wolves (Lair:6)
  2 boggarts (Lair:6)
  A bullfrog (Lair:2)
  A small abomination (Zig:7)
  10 killer bees
  An electric eel (Spider:4)
  A jelly (D:7)
  2 orc priests (Orc:1)
  2 hounds (D:9)
  An iron imp (Zig:6)
  2 orc wizards
  A redback zombie (Spider:4)
  A howler monkey zombie (D:8)
  29 orcs
  2 orc zombies (Orc:1)
  2 briar patches (Swamp:1)
709 creatures vanquished.

Vanquished Creatures (others)
  A profane servitor (Vaults:2)
  6 bone dragons
  4 ghouls
  An ironbound preserver (Vaults:3)
  5 vampire knights
  A deep elf high priest (Elf:3)
  A salamander tyrant (Depths:5)
  A spriggan (Swamp:4)
  2 deep elf knights
  9 skeletal warriors
  A spriggan druid (Swamp:2)
  6 phantasmal warriors
  12 flayed ghosts
  An ironbound convoker (Vaults:2)
  A spectral spriggan (Swamp:1)
  4 bloated husks
  A hornet (Swamp:4)
  2 flying skulls (Lair:6)
  A water elemental (Zig:5)
  9 vampires
  2 humans (Swamp:3)
  2 wraiths
  A swamp worm (Swamp:4)
  9 very ugly thing zombies
  A very ugly thing skeleton (Vaults:4)
  A quicksilver dragon zombie (Depths:2)
  4 spark wasp zombies
  2 shadow dragon zombies (Depths:4)
  3 frost giant zombies
  A titan zombie (Depths:2)
  A golden dragon zombie (Depths:2)
  A storm dragon zombie (Depths:5)
  6 tengu zombies
  4 wights
  A sphinx zombie (Depths:4)
  4 wolf spider zombies
  31 elf zombies
  A white draconian zombie (Depths:5)
  An emperor scorpion zombie (Spider:4)
  A dire elephant zombie (Vaults:2)
  3 fire giant zombies
  An iron troll zombie (Depths:2)
  8 stone giant zombies
  A demonic crawler zombie (Spider:1)
  5 draconian skeletons (Depths:5)
  2 green draconian skeletons (Depths:5)
  A goliath frog zombie (Swamp:1)
  4 swamp worm zombies
  5 ugly thing zombies
  3 ghoul skeletons
  An orc wizard (Orc:1)
  A dire elephant skeleton (Vaults:2)
  A harpy skeleton (Vaults:1)
  3 ettin zombies
  A catoblepas zombie (Vaults:2)
  2 death yak zombies
  2 fire dragon zombies (Depths:2)
  3 hydra zombies (Swamp:4)
  3 human skeletons
  2 white draconian skeletons (Depths:5)
  A catoblepas skeleton (Lair:3)
  2 mummies (D:13)
  3 purple draconian skeletons (Depths:5)
  15 redback zombies
  9 centaur zombies
  5 jumping spider zombies
  6 tarantella zombies
  A tyrant leech zombie (Swamp:2)
  A centaur skeleton (D:13)
  An ettin skeleton (Vaults:2)
  4 alligator zombies (Swamp:2)
  22 deep troll zombies
  3 lindwurm zombies (Vaults:2)
  4 swamp dragon zombies (Swamp:4)
  6 bog body skeletons
  An elephant skeleton (Lair:4)
  An elf skeleton (Vaults:4)
  4 two-headed ogre zombies
  2 lindwurm skeletons
  6 vampire mosquito zombies
  A torpor snail zombie (Lair:6)
  A hell hound zombie (Orc:2)
  A basilisk zombie (Lair:6)
  12 blink frog zombies
  4 dream sheep zombies
  7 elephant zombies
  12 hornet zombies
  6 polar bear zombies
  2 salamander zombies (Depths:5)
  13 spriggan zombies
  4 water moccasin zombies
  18 yak zombies
  7 yaktaur zombies
  3 cane toad zombies
  7 deep troll skeletons
  3 orb spider zombies
  A rime drake zombie (Lair:6)
  A warg skeleton (Orc:1)
  3 yak skeletons (D:10)
  2 cyclops zombies
  30 human zombies
  3 komodo dragon zombies
  4 troll zombies
  4 bullfrog zombies
  A hell hound skeleton (Orc:2)
  3 hound zombies (D:9)
  7 killer bee zombies
  A necrophage skeleton (Swamp:4)
  10 ogre zombies (Orc:2)
  An orc skeleton (D:8)
  33 orc zombies
  4 swamp drake zombies
  7 wolf zombies (Lair:6)
  A wyvern zombie (D:9)
  A briar patch (Swamp:4)
  2 foxfires (Swamp:1)
  100 fungi
  153 plants
  9 withered plants (D:15)
777 creatures vanquished.

Grand Total: 2666 creatures vanquished

Notes
Turn   | Place    | Note
-------+----------+-------------------------------------------
     0 | D:1      | bilbop the Minotaur Fighter began the quest for the Orb.
     0 | D:1      | Reached XP level 1. HP: 19/19 MP: 0/0
   241 | D:1      | Reached XP level 2. HP: 27/27 MP: 1/1
   646 | D:1      | Reached XP level 3. HP: 33/33 MP: 2/2
  2023 | D:3      | Reached XP level 4. HP: 19/41 MP: 3/3
  2293 | D:3      | Found a faded altar of an unknown god.
  2502 | D:3      | Found a snail-covered altar of Cheibriados.
  2502 | D:3      | Found an ancient bone altar of Kikubaaqudgha.
  2775 | D:4      | Identified the +0 leather armour "Qokhlugh" {Will+}
  2875 | D:4      | Reached XP level 5. HP: 45/47 MP: 4/4
  2958 | D:4      | Found an ornate altar of the Wu Jian Council.
  3317 | D:4      | Found a shimmering blue altar of Sif Muna.
  3317 | D:4      | Found a shadowy altar of Dithmenos.
  3426 | D:5      | Entered Level 5 of the Dungeon
  3435 | D:5      | Reached skill level 5 in Fighting
  3435 | D:5      | Reached skill level 5 in Armour
  3485 | D:5      | Reached skill level 5 in Shields
  3485 | D:5      | Reached XP level 6. HP: 52/56 MP: 5/5
  3717 | D:5      | Found a staircase to the Ecumenical Temple.
  3732 | Temple   | Entered the Ecumenical Temple
  3901 | Temple   | Became a worshipper of Yredelemnul the Dark
  4347 | D:5      | Reached skill level 5 in Polearms
  4347 | D:5      | Reached XP level 7. HP: 49/62 MP: 6/6
  4700 | D:5      | Found an opulent altar of Gozag.
  4702 | D:5      | Found a shimmering altar of Xom.
  4702 | D:5      | Found a shimmering blue altar of Sif Muna.
  4704 | D:5      | Found a broken altar of Ashenzari.
  4704 | D:5      | Found a broken altar of Ashenzari.
  4704 | D:5      | Found a snail-covered altar of Cheibriados.
  5068 | D:6      | Reached XP level 8. HP: 59/71 MP: 7/7
  5149 | D:6      | Found Ikineoli's Assorted Antiques.
  5617 | D:6      | Found a burning altar of Makhleb.
  5621 | D:6      | Found a radiant altar of Vehumet.
  5812 | D:7      | Noticed Menkaure
  5829 | D:7      | Killed Menkaure
  6100 | D:7      | Noticed Prince Ribbit
  6129 | D:7      | Killed Prince Ribbit
  6134 | D:7      | Reached * piety under Yredelemnul
  6184 | D:7      | Reached XP level 9. HP: 18/81 MP: 8/8
  8605 | D:8      | Noticed a two-headed ogre
  8629 | D:8      | Killed a two-headed ogre
  9486 | D:8      | HP: 2/83 [electric eel/bolt of electricity (6)]
 10164 | D:9      | Noticed a troll
 10329 | D:9      | Reached XP level 10. HP: 54/91 MP: 9/9
 10835 | D:9      | Reached ** piety under Yredelemnul
 10839 | D:9      | Reached skill level 10 in Armour
 10851 | D:9      | Reached skill level 10 in Fighting
 10852 | D:9      | Reached skill level 10 in Shields
 10929 | D:9      | Found a staircase to the Lair.
 10973 | D:9      | Reached skill level 10 in Polearms
 11514 | D:9      | Found an opulent altar of Gozag.
 11581 | D:9      | Noticed a centaur warrior
 11597 | D:9      | Killed a centaur warrior
 12331 | D:10     | Entered Level 10 of the Dungeon
 12372 | D:10     | Reached XP level 11. HP: 101/101 MP: 10/10
 12431 | D:10     | Reached *** piety under Yredelemnul
 13055 | D:10     | Noticed a two-headed ogre
 13067 | D:10     | Killed a two-headed ogre
 13338 | D:10     | Found a stormy altar of Qazlal.
 13340 | D:10     | Found a blossoming altar of Fedhas.
 13474 | D:10     | Found a staircase to the Orcish Mines.
 13547 | D:10     | Found a runed translucent gate.
 13548 | D:10     | Found a runed translucent gate.
 13551 | D:10     | Found a runed translucent gate.
 13554 | D:10     | Noticed 3t5h's ghost (journeyman VSMo)
 13727 | D:11     | Noticed a six-headed hydra
 13727 | D:11     | Noticed a two-headed ogre
 13732 | D:11     | Noticed a deep troll
 13797 | D:11     | Received a gift from Yredelemnul (a mummy)
 13904 | D:11     | Identified 2 scrolls of acquirement
 13907 | D:11     | Acquired the +4 trident "Parappae" {vorpal, MP-9 Dex+6
                  | SInv}
 13917 | D:11     | Identified the +1 scale mail of Koeliext {Dex+6}
 14008 | D:11     | Noticed a two-headed ogre
 14021 | D:11     | Killed a two-headed ogre
 14021 | D:11     | Noticed a two-headed ogre
 14034 | D:11     | Killed a two-headed ogre
 14035 | D:11     | Reached skill level 1 in Invocations
 14620 | D:11     | You fall into a shaft and drop 2 floors!
 14665 | D:13     | Noticed a centaur warrior
 14679 | D:13     | Killed a centaur warrior
 14948 | D:13     | Received a gift from Yredelemnul (a mummy)
 15153 | D:13     | Noticed a harpy
 15153 | D:13     | a salamander changed into a harpy
 15161 | D:13     | Killed a harpy
 15167 | D:13     | Reached XP level 12. HP: 101/112 MP: 2/13
 15424 | D:13     | Noticed a centaur warrior
 15424 | D:13     | Noticed a centaur warrior
 15441 | D:13     | Killed a centaur warrior
 15451 | D:13     | Killed a centaur warrior
 15769 | D:12     | Acquired the +9 bardiche "Vekhloet" {protect, rElec rCorr
                  | Int-3}
 16109 | D:11     | Noticed a seven-headed hydra
 16117 | D:11     | Killed a seven-headed hydra
 16118 | D:11     | Reached skill level 5 in Invocations
 16335 | Lair:1   | Entered Level 1 of the Lair of Beasts
 16607 | Lair:1   | Identified the ring "Jejeores" {Fly rElec}
 17024 | Lair:1   | Reached **** piety under Yredelemnul
 17411 | Lair:2   | Found a staircase to the Swamp.
 18660 | Lair:3   | Found a hole to the Spider Nest.
 18734 | Lair:3   | Noticed a catoblepas
 18767 | Lair:3   | Killed a catoblepas
 19088 | Lair:3   | Found a transporter.
 19088 | Lair:3   | Identified the +5 chain mail of Moekirph {rN+}
 19154 | Lair:3   | Noticed Jempith's ghost (journeyman MiFi)
 19214 | Lair:3   | Found a transporter.
 19317 | Lair:3   | Noticed Fannar
 19356 | Lair:3   | Killed Fannar
 19357 | Lair:3   | Reached XP level 13. HP: 119/119 MP: 8/17
 20436 | Lair:4   | Received a gift from Yredelemnul (a wight)
 20822 | Lair:4   | Found a broken altar of Ashenzari.
 21441 | Lair:4   | Acquired the amulet "Utosakhle" {Spirit rC+ Str+4}
 22954 | Lair:5   | Received a gift from Yredelemnul (a wight)
 22955 | Lair:5   | Reached XP level 14. HP: 106/130 MP: 8/20
 23414 | Lair:5   | Reached skill level 10 in Invocations
 23526 | Lair:5   | Reached ***** piety under Yredelemnul
 23926 | Lair:6   | Entered Level 6 of the Lair of Beasts
 23930 | Lair:6   | Found a runed translucent door.
 24480 | Lair:6   | Received a gift from Yredelemnul (a wight)
 24763 | Lair:6   | Found a staircase to the Slime Pits.
 24837 | Lair:6   | Received a gift from Yredelemnul (2 flying skulls)
 25281 | Lair:6   | Received a gift from Yredelemnul (a wraith)
 25717 | Lair:6   | Received a gift from Yredelemnul (a wight)
 26188 | Lair:6   | Noticed rjrrt's ghost (journeyman DsBe)
 26467 | Lair:6   | Upgraded the game from 0.27-a0-1184-ge86db4a01e to
                  | 0.27-a0-1186-g8b4daa1eef
 26708 | D:12     | Noticed Josephine
 26961 | D:12     | Killed Josephine
 26961 | D:12     | Received a gift from Yredelemnul (a skeletal warrior)
 26962 | D:12     | Reached skill level 1 in Dodging
 27510 | Orc:1    | Entered Level 1 of the Orcish Mines
 27521 | Orc:1    | Received a gift from Yredelemnul (a skeletal warrior)
 27751 | Orc:1    | Noticed Nergalle
 27757 | Orc:1    | Killed Nergalle
 27848 | Orc:2    | Entered Level 2 of the Orcish Mines
 27909 | Orc:2    | Noticed Nessos
 27923 | Orc:1    | Found Piboijun's Book Shop.
 27948 | Orc:1    | Reached XP level 15. HP: 23/139 MP: 5/22
 27954 | Orc:1    | Found Fihieh's General Store.
 28238 | Orc:1    | Received a gift from Yredelemnul (a wraith)
 28515 | Orc:1    | Found Ylaipyin's Antique Weapon Shop.
 28687 | Orc:2    | Killed Nessos
 28867 | Orc:2    | Noticed Azrael
 28871 | Orc:2    | Your ally Nessos died
 28873 | Orc:2    | Reached ****** piety under Yredelemnul
 28878 | Orc:2    | Killed Azrael
 28879 | Orc:2    | Received a gift from Yredelemnul (a vampire)
 29273 | Orc:2    | Found a staircase to the Elven Halls.
 29349 | Orc:2    | Received a gift from Yredelemnul (a flayed ghost)
 29400 | Orc:2    | Found Vesoxeid's Weapon Boutique.
 29415 | Orc:2    | Received a gift from Yredelemnul (a vampire knight)
 29419 | Orc:2    | Found Zehulupt's General Store.
 29440 | Orc:2    | Found Hav Wuir's Magic Scroll Emporium.
 29602 | Orc:2    | Found Tiuchoci's Magic Scroll Shoppe.
 30258 | Orc:1    | Found Mied's Antique Weapon Shoppe.
 30372 | Orc:1    | Bought a hand crossbow for 112 gold pieces
 30372 | Orc:1    | Bought a shimmering morningstar for 288 gold pieces
 30372 | Orc:1    | Identified the +8 morningstar of the Desert {venom, rF+
                  | Dex+4 Stlth+} (You bought it in a shop on level 1 of the
                  | Orcish Mines)
 30657 | D:13     | Received a gift from Yredelemnul (a ghoul)
 30808 | D:13     | Noticed Urug
 30820 | D:13     | Found a gate to the Vaults.
 30836 | D:13     | Reached skill level 15 in Fighting
 30836 | D:13     | Reached skill level 15 in Armour
 30847 | D:13     | Reached skill level 1 in Crossbows
 30848 | D:13     | Reached skill level 1 in Maces & Flails
 30863 | D:13     | Killed Urug
 30869 | D:13     | Received a gift from Yredelemnul (a vampire)
 31170 | D:13     | Your ally Urug died
 31475 | D:14     | Found a runed translucent door.
 31574 | D:14     | Received a gift from Yredelemnul (a flayed ghost)
 32432 | D:14     | You are sucked into a shaft and drop 1 floor!
 32432 | D:15     | Entered Level 15 of the Dungeon
 32612 | D:15     | Reached skill level 5 in Dodging
 32797 | D:15     | Found a staircase to the Depths.
 32807 | D:15     | Received a gift from Yredelemnul (a phantasmal warrior)
 32934 | D:15     | Found Liutez's Antique Weapon Shop.
 32972 | D:15     | Reached skill level 5 in Crossbows
 33449 | D:14     | Found a portal to a secret trove of treasure.
 33989 | D:15     | Reached skill level 15 in Shields
 33989 | D:15     | Reached XP level 16. HP: 126/149 MP: 12/24
 34106 | D:15     | Found an ornate altar of the Wu Jian Council.
 34582 | Swamp:1  | Entered Level 1 of the Swamp
 34649 | Swamp:1  | Received a gift from Yredelemnul (a phantasmal warrior)
 34714 | Swamp:1  | Noticed a thorn hunter
 34722 | Swamp:1  | Killed a thorn hunter
 34927 | Swamp:1  | Found a large runed translucent door.
 34927 | Swamp:1  | Found a large runed translucent door.
 34941 | Swamp:1  | Noticed robertstho's ghost (journeyman MiBe)
 35010 | Swamp:1  | Killed robertstho's ghost
 35097 | Swamp:1  | Received a gift from Yredelemnul (a vampire)
 35355 | Swamp:1  | Found the +0 pair of fencer's gloves {Riposte Dex+3}
 35375 | Swamp:1  | Noticed Jorgrun
 35385 | Swamp:1  | Killed Jorgrun
 35874 | Swamp:1  | Reached skill level 5 in Maces & Flails
 36797 | Swamp:2  | Noticed a thorn hunter
 36814 | Swamp:1  | Killed a thorn hunter
 36912 | Swamp:2  | Found a runed translucent gate.
 36912 | Swamp:2  | Found a runed translucent gate.
 36912 | Swamp:2  | Found a runed translucent gate.
 36921 | Swamp:2  | Noticed Kular's ghost (adept MiBe)
 36931 | Swamp:2  | Noticed a tentacled monstrosity
 37122 | Swamp:2  | Received a gift from Yredelemnul (a ghoul)
 37264 | Swamp:2  | Received a gift from Yredelemnul (a profane servitor)
 37549 | Swamp:2  | Found a runed translucent door.
 37741 | Swamp:3  | Noticed Kirke
 37764 | Swamp:3  | Killed Kirke
 37765 | Swamp:3  | Noticed a tentacled monstrosity
 37829 | Swamp:3  | Noticed a tentacled monstrosity
 37830 | Swamp:3  | Noticed HendSelp's ghost (adept MiGl)
 37834 | Swamp:3  | Found a transporter.
 37871 | Swamp:3  | Found a transporter.
 37877 | Swamp:3  | Noticed a tentacled monstrosity
 37887 | Swamp:3  | Killed a tentacled monstrosity
 38020 | Swamp:3  | Received a gift from Yredelemnul (a ghoul)
 38097 | Swamp:3  | Noticed Louise
 38107 | Swamp:3  | Killed Louise
 38559 | Swamp:4  | Entered Level 4 of the Swamp
 38589 | Swamp:4  | Received a gift from Yredelemnul (a skeletal warrior)
 38596 | Swamp:4  | Noticed a thorn hunter
 38602 | Swamp:4  | Killed a thorn hunter
 38635 | Swamp:4  | Reached XP level 17. HP: 158/158 MP: 11/25
 39221 | Swamp:4  | Received a gift from Yredelemnul (a bone dragon)
 39375 | Swamp:4  | Got a decaying rune of Zot
 39996 | Spider:1 | Entered Level 1 of the Spider Nest
 40053 | Spider:1 | Noticed Nikola
 40072 | Spider:1 | Killed Nikola
 40074 | Spider:1 | Received a gift from Yredelemnul (a vampire)
 40771 | Spider:1 | Received a gift from Yredelemnul (a flayed ghost)
 40951 | Spider:2 | Received a gift from Yredelemnul (a bone dragon)
 40952 | Spider:2 | Reached skill level 10 in Crossbows
 41914 | Spider:2 | Received a gift from Yredelemnul (a phantasmal warrior)
 42826 | Spider:2 | Upgraded the game from 0.27-a0-1186-g8b4daa1eef to
                  | 0.27-a0-1188-g73eefd5def
 43011 | Spider:3 | Noticed Arachne
 43235 | Spider:3 | Killed Arachne
 44409 | Spider:3 | Received a gift from Yredelemnul (a skeletal warrior)
 44452 | Spider:3 | Noticed Asterion
 44477 | Spider:3 | Killed Asterion
 45288 | Spider:4 | Entered Level 4 of the Spider Nest
 45293 | Spider:4 | Received a gift from Yredelemnul (a vampire knight)
 45316 | Spider:4 | Received a gift from Yredelemnul (a vampire)
 45399 | Spider:4 | Received a gift from Yredelemnul (a phantasmal warrior)
 45595 | Spider:4 | Received a gift from Yredelemnul (a flayed ghost)
 45901 | Spider:4 | Noticed Mara
 45915 | Spider:4 | Noticed bilbop's illusion
 45927 | Spider:4 | Killed Mara
 45928 | Spider:4 | Reached XP level 18. HP: 155/168 MP: 16/27
 46194 | Spider:4 | Received a gift from Yredelemnul (a phantasmal warrior)
 46207 | Spider:4 | Got a gossamer rune of Zot
 46922 | Vaults:1 | Entered Level 1 of the Vaults
 47514 | Vaults:1 | Received a gift from Yredelemnul (a skeletal warrior)
 47576 | Vaults:1 | Received a gift from Yredelemnul (a flayed ghost)
 48347 | Vaults:1 | Noticed Sojobo
 48348 | Vaults:1 | Noticed Rupert
 48362 | Vaults:1 | Killed Rupert
 48378 | Vaults:1 | Killed Sojobo
 48764 | Vaults:1 | Identified Mnoleg's Catalogue of the Entourage
 49062 | Vaults:1 | Received a gift from Yredelemnul (a bone dragon)
 49299 | Vaults:2 | Reached skill level 10 in Dodging
 49313 | Vaults:2 | Received a gift from Yredelemnul (a flayed ghost)
 49603 | Vaults:2 | Reached skill level 10 in Maces & Flails
 49605 | Vaults:2 | Received a gift from Yredelemnul (a skeletal warrior)
 49965 | Vaults:2 | Paralysed by a great orb of eyes for 3 turns
 50399 | Vaults:2 | Reached XP level 19. HP: 165/177 MP: 15/28
 50490 | Vaults:2 | Received a gift from Yredelemnul (a vampire)
 51340 | Vaults:2 | Identified the +7 whip of the Ten People {vorpal, Fragile
                  | rCorr Str+2}
 52360 | Vaults:3 | Found Fuwn's Antique Weapon Boutique.
 54012 | Vaults:3 | Received a gift from Yredelemnul (a vampire knight)
 54137 | Vaults:3 | Found a staircase to the Crypt.
 55696 | Vaults:4 | Noticed a dread lich
 55725 | Vaults:4 | Killed a dread lich
 55726 | Vaults:4 | Reached XP level 20. HP: 170/187 MP: 21/30
 55744 | Vaults:4 | Received a gift from Yredelemnul (a vampire knight)
 55807 | Vaults:4 | Found Joshat Osoap's Book Boutique.
 56019 | Vaults:4 | Found Zach's Armour Boutique.
 56169 | Vaults:4 | Reached skill level 15 in Invocations
 56195 | Vaults:4 | Received a gift from Yredelemnul (a flayed ghost)
 56233 | Vaults:4 | Reached skill level 15 in Crossbows
 56526 | Vaults:4 | Received a gift from Yredelemnul (a vampire)
 57077 | Vaults:4 | Found Pycuvu's General Store.
 57648 | Vaults:4 | Received a gift from Yredelemnul (a flayed ghost)
 57868 | Elf:1    | Entered Level 1 of the Elven Halls
 58031 | Elf:1    | Identified the ring "Fanin" {Ice Int+7}
 58677 | Elf:1    | Received a gift from Yredelemnul (a phantasmal warrior)
 59586 | Elf:2    | Received a gift from Yredelemnul (a flayed ghost)
 59619 | Elf:2    | Found a huge runed translucent gate.
 59619 | Elf:2    | Found a huge runed translucent gate.
 59619 | Elf:2    | Found a huge runed translucent gate.
 59619 | Elf:2    | Found a huge runed translucent gate.
 59619 | Elf:2    | Found a huge runed translucent gate.
 59861 | Elf:2    | Received a gift from Yredelemnul (a vampire knight)
 59869 | Elf:2    | Found a shimmering blue altar of Sif Muna.
 60200 | Elf:2    | Received a gift from Yredelemnul (a skeletal warrior)
 60396 | Elf:3    | Entered Level 3 of the Elven Halls
 60730 | Elf:3    | HP: 7/189 [balrug/fireball[a deep elf demonologist] (39)]
 61731 | Elf:3    | Received a gift from Yredelemnul (a ghoul)
 62490 | Elf:3    | Identified the +8 dagger of Tender Mercy {holy, *Corrode
                  | rPois rF+}
 62498 | Elf:3    | Identified the amulet of Mutualism {*Slow Regen+ Int+7
                  | Dex+9 Stlth-}
 62500 | Elf:3    | Reached XP level 21. HP: 176/195 MP: 18/31
 62508 | Elf:3    | Identified the amulet "Myleesip" {rF- rC+ Will+ Regen+}
 62741 | Elf:3    | Identified the ring of Qoextixirph {rC- AC+4 Dex+5 SInv}
 62789 | Elf:3    | Identified the +8 spear "Worm" {vorpal, Will+ Str+2 Int+3}
 63256 | Elf:3    | Identified the +1 chain mail of Moral Flaws {rF- Regen+
                  | Int+7}
 63344 | Elf:3    | Received a gift from Yredelemnul (a bone dragon)
 63558 | Elf:3    | Identified Sif Muna's Disquisition on Spatial Flight
 63884 | D:14     | You paid a toll of 8 scrolls of fog to enter a treasure
                  | trove
 63885 | Trove    | Entered a treasure trove
 63951 | Trove    | Identified Sif Muna's Grimoire of Fetching Air
 63967 | Trove    | Identified Sif Muna's Guide on the Mutagenic Traveller
 64135 | Depths:1 | Entered Level 1 of the Depths
 64397 | Depths:1 | Found a sparkling altar of Nemelex Xobeh.
 64473 | Depths:1 | Found a runed translucent gate.
 64473 | Depths:1 | Found a runed translucent gate.
 64473 | Depths:1 | Found a runed translucent gate.
 64473 | Depths:1 | Found a runed translucent gate.
 64473 | Depths:1 | Found a runed translucent gate.
 64473 | Depths:1 | Found a runed translucent gate.
 64474 | Depths:1 | Found the +2 Maxwell's thermic engine {flame, freeze}
 64530 | Depths:1 | Found a one-way gate leading to the halls of Pandemonium.
 64541 | Depths:1 | Noticed the Enchantress
 64742 | Depths:1 | Killed the Enchantress
 64743 | Depths:1 | Received a gift from Yredelemnul (a bone dragon)
 65204 | Depths:1 | Found a gateway to a ziggurat.
 65236 | Depths:1 | Found a gateway to Hell.
 65276 | Depths:1 | Found Vipuq Oki's Book Emporium.
 65276 | Depths:1 | Found Sonn's Jewellery Shop.
 65277 | Depths:1 | Found Anuenu's Book Emporium.
 65710 | Depths:2 | Reached skill level 15 in Maces & Flails
 65986 | Depths:2 | Identified Sif Muna's Compendium of the Congealing Voyage
 66012 | Depths:2 | Received a gift from Yredelemnul (a flayed ghost)
 66399 | Depths:2 | Noticed a juggernaut
 66421 | Depths:2 | Killed a juggernaut
 66483 | Depths:2 | Noticed a golden dragon
 66498 | Depths:2 | Received a gift from Yredelemnul (a flayed ghost)
 66509 | Depths:2 | Killed a golden dragon
 66609 | Depths:2 | Noticed a golden dragon
 66623 | Depths:2 | Killed a golden dragon
 66970 | Depths:2 | Found a radiant altar of Vehumet.
 67007 | Depths:3 | Found a shadowy altar of Dithmenos.
 67180 | Depths:3 | Acquired the +10 crystal plate armour of Leapfrog {Str+6}
 67223 | Depths:3 | Identified Sif Muna's Papyrus of the Twisted Oath
 67549 | Depths:2 | Received a gift from Yredelemnul (a vampire)
 67669 | Depths:2 | Found a corrupted altar of Lugonu.
 67671 | Depths:2 | Found a one-way gate to the infinite horrors of the Abyss.
 68132 | Depths:3 | Reached XP level 22. HP: 206/206 MP: 33/33
 68141 | Depths:3 | Acquired a manual of Dodging
 68989 | Depths:3 | Reached skill level 1 in Evocations
 69058 | Depths:4 | Identified the +4 flail of Earthquakes {flame, Drain Fly
                  | Will+++}
 69157 | Depths:4 | Noticed a golden dragon
 69203 | Depths:4 | Noticed a caustic shrike
 69236 | Depths:4 | Killed a caustic shrike
 69248 | Depths:4 | Killed a golden dragon
 69297 | Depths:4 | Reached skill level 15 in Dodging
 69627 | Depths:4 | Received a gift from Yredelemnul (a bone dragon)
 70767 | Depths:5 | Entered Level 5 of the Depths
 71195 | Depths:5 | Received a gift from Yredelemnul (a skeletal warrior)
 71211 | Depths:5 | Gained mutation: You are dopey. (Int -2) [a neqoxec]
 71437 | Depths:5 | Received a gift from Yredelemnul (a bone dragon)
 72246 | Depths:5 | Found a gate to the Realm of Zot.
 72294 | Depths:5 | Received a gift from Yredelemnul (a flayed ghost)
 73124 | Depths:5 | Reached skill level 5 in Evocations
 73128 | Depths:5 | Received a gift from Yredelemnul (a skeletal warrior)
 73313 | Depths:5 | Noticed a golden dragon
 73325 | Depths:5 | Killed a golden dragon
 73326 | Depths:5 | Reached XP level 23. HP: 192/217 MP: 34/34
 73745 | Depths:5 | Received a gift from Yredelemnul (a vampire)
 74321 | Depths:5 | Upgraded the game from 0.27-a0-1188-g73eefd5def to
                  | 0.27-a0-1189-gb8eb6cee8e
 74524 | Zig:1    | Entered Level 1 of a ziggurat
 74710 | Zig:2    | Entered Level 2 of a ziggurat
 74767 | Zig:3    | Entered Level 3 of a ziggurat
 74782 | Zig:3    | Received a gift from Yredelemnul (a skeletal warrior)
 74846 | Zig:4    | Entered Level 4 of a ziggurat
 74910 | Zig:5    | Entered Level 5 of a ziggurat
 74910 | Zig:5    | Found the +7 captain's cutlass {speed, disarm}
 74981 | Zig:5    | Identified the +1 barding of the Blacksmith {rC- Will+
                  | Int+2}
 74994 | Zig:6    | Entered Level 6 of a ziggurat
 75033 | Zig:6    | Received a gift from Yredelemnul (a bone dragon)
 75291 | Zig:7    | Entered Level 7 of a ziggurat
 75306 | Zig:7    | Found the +10 dark maul {vorpal}
 75338 | Zig:7    | Received a gift from Yredelemnul (a profane servitor)
 75368 | Zig:7    | Found the amulet of the Four Winds {rN+ Will+++ Clar}
 75530 | Zig:7    | Identified the +9 quick blade of the Jester {freeze, +Blink
                  | rPois Will++ Dex-5}
 75552 | Zig:8    | Entered Level 8 of a ziggurat
 75565 | Zig:8    | Noticed a curse toe
 75565 | Zig:8    | Noticed relicbr's ghost (legendary NaIE)
 75565 | Zig:8    | Noticed Amikeex's ghost (adept TrMo)
 75585 | Zig:8    | Slain by Amikeex's ghost

Illustrated notes

Levels and vault maps discovered:
D:1:      heliophobic_arrival_glass_houses, layout_basic, item_on_display_a
D:2:      cheibrodos_old_hovel, layout_basic, minmay_misc_feat_encased
D:3:      layout_rooms, gammafunk_temple_overflow_statue,
          hellmonk_ecumenical_altar_leap_of_faith
D:4:      layout_basic, general_overflow_altar, gammafunk_temple_overflow_wave,
          minivault_11
D:5:      layout_loops_ring, doesnt_xom_only_xom, minmay_temple_entry_slanted
D:6:      layout_rooms, grunt_temple_overflow_lords_of_destruction,
          serial_shops, shop_statue, serial_bayou_crossing
D:7:      layout_basic, uniq_menkaure, uniq_prince_ribbit1
D:8:      layout_basic, kennysheep_doodads, kennysheep_generic_room_12
D:9:      layout_basic, grunt_gozag_breadcrumbs, erik_lair_island,
          minmay_microvault
D:10:     layout_loops_ring, grunt_temple_overflow_forces_of_nature,
          hiddenorc1_lemuel, gammafunk_ghost_spectres, minmay_misc_feat_tower
D:11:     layout_cave_pods, kennysheep_island_fort
D:12:     layout_cave_pools, uniq_josephine
D:13:     layout_roguey [special_room_bee], david_vaults_3
D:14:     layout_stronghold, enter_trove_0, roderic_serpentine_path,
          minmay_crystal_box
D:15:     gammafunk_depths_entry_grave, layout_loops_ring,
          nzn_wu_jian_contemplation, serial_shops, shop
Temple:   minmay_temple_curvy_loop
Lair:1:   layout_loops_ring
Lair:2:   layout_chaotic_city, minmay_swamp_entry_swarm,
          nicolae_volcano_entry_s_turn, minmay_lair_oklob_bushes,
          lemuel_fruit_tree, grunt_megastairs_3
Lair:3:   layout_regular_city, spider_nest_entry_webs, gammafunk_ghost_hive,
          infiniplex_staircase_pool, uniq_fannar
Lair:4:   layout_cave_pods, basic_altar
Lair:5:   layout_concentric_octagons
Lair:6:   minmay_lair_end_enchanted_forest, layout_misc_corridors, slime_dummy,
          ebering_ghost_inner_flame, minmay_lair_drake_nest,
          minmay_lair_oklob_chamber
Swamp:1:  nicolae_swamp_flooded_prison, layout_basic_swamp,
          ebering_ghost_disaster_area, nicolae_swamp_round_clearing,
          infiniplex_staircase_pool_2, uniq_jorgrun
Swamp:2:  gammafunk_mikee_crab_dinner, layout_falls_marsh,
          gammafunk_ghost_split, nicolae_swamp_tree_isthmus
Swamp:3:  layout_basic_swamp, gammafunk_ghost_arena, hangedman_swamp_ruin_wall,
          uniq_louise, uniq_kirke
Swamp:4:  swamp_alternative, layout_basic_swamp, swamp_pool1,
          nicolae_swamp_oxbows
Spider:1: layout_spider_delve, uniq_nikola
Spider:2: layout_chambers
Spider:3: layout_chambers, uniq_arachne, uniq_asterion
Spider:4: grunt_spider_rune_circles, uniq_mara
Orc:1:    layout_caves, serial_shops, shop_fountains, shop_statue, shop, shop,
          uniq_nergalle
Orc:2:    st_orc_open, layout_caves, mines2_david, uniq_azrael, uniq_nessos
Elf:1:    elf_arrival_001, layout_geoelf_octagon, hangedman_elf_disciples
Elf:2:    layout_geoelf_diagonals, basic_altar
Elf:3:    minmay_elf_hall_curves, layout_geoelf_diagonals,
          hangedman_elven_ridges
Vaults:1: v_misc_25, nicolae_vaults_circle_grid_b, v_pattern_4, v_rooms_2,
          v_misc_1, vaults_room_pool, nicolae_vaults_circle_grid_a,
          hangedman_vaults_maws, ontoclasm_vaults_ring_large,
          ontoclasm_vaults_idyll, sword_in_stone, layout_vaults_omnigrid
Vaults:2: ontoclasm_vaults_tryst, hangedman_vaults_stitches, v_misc_9,
          st_greater_box_2, hangedman_vaults_maws, vaults_dpeg_ring,
          vaults_dpeg_encased_lava, layout_vaults_chaotic_city
Vaults:3: vaults_mumra_hexcomb, vaults_dpeg_cross, nicolae_vaults_circle_grid_a,
          hangedman_vaults_maws, blue_anna_dwarven_crypt,
          ontoclasm_vaults_gateway, vaults_dpeg_diagonal, kb_rosetta,
          nicolae_vaults_alarming, nicolae_vaults_shelves_hall, v_misc_12,
          grunt_vaults_bifocal, ontoclasm_vaults_claustrophobia,
          nicolae_vaults_yaktaur_gun_rack, layout_vaults_maze_snakey,
          serial_shops, nicolae_shop_overgrown_old_shop
Vaults:4: hangedman_vaults_variations, ontoclasm_vaults_eye, v_rooms_5,
          vaults_room_fours, hangedman_vaults_river_flow,
          hangedman_vaults_snaps, vaults_dpeg_hooks,
          nicolae_vaults_little_squares_1, ontoclasm_vaults_ligature, st_check,
          nicolae_vaults_shelves_hall, layout_vaults_ring, serial_shops,
          nicolae_shop_statue_plus, shop, nicolae_shop_trees
Depths:1: layout_basic, enter_ziggurat_e, hell_entry, lemuel_crystal_altar,
          pan_entry, drop_trap, brannock_guarded_unrand_thermic_engine,
          minmay_shop_grove, uniq_enchantress
Depths:2: cell_vault, layout_gridville, nicolae_vehumet_altar_sigil,
          rand_demon_pan_entry_5, hell_entry, abyss_entry_flame_altar
Depths:3: minmay_the_grid_triangle_9x9_recursive_3
          [minmay_the_grid_triangle_9x9_negative_grid,
          minmay_the_grid_triangle_9x9_sprig,
          minmay_the_grid_triangle_9x9_checkered,
          minmay_the_grid_triangle_9x9_prize_center,
          minmay_the_grid_triangle_9x9_limited_checkers,
          minmay_the_grid_triangle_9x9_alien,
          minmay_the_grid_triangle_9x9_corruption,
          minmay_the_grid_triangle_9x9_zippers_horizontal,
          minmay_the_grid_triangle_9x9_zippers_vertical], layout_basic,
          nicolae_dithmenos_through_a_glass_darkly, abyss_entry, hell_entry,
          rand_demon_pan_entry_9, grunt_ministairs_8, st_stairs_13, minmay_holes
Depths:4: minmay_triangles_in_corner, layout_gridlike, serial_sigils,
          serial_sigils_hangedman_clutch, serial_sigils_hangedman_etch,
          serial_sigils_hangedman_leer, serial_sigils_hangedman_shear,
          serial_sigils_hangedman_gnaw, serial_bayou_ford_a,
          nicolae_abyss_entry_one_way_or_another, pf_hell_entry_great_geh
Depths:5: lemuel_castle_with_subvaults [lemuel_castle_interior_original],
          layout_gridlike, chequers_hall_statues_corner_a,
          pf_hell_entry_tar_spiral, nrook_kobold_shadow_demons, uniq_sojobo
Zig:8

Skill      XL: |  1  2  3  4  5  6  7  8  9 10 11 12 13 14 15 16 17 18 19 20 21 22 23 |
---------------+----------------------------------------------------------------------+-----
Armour         | 4 5 6 7 9 10 11 12 13 14 15 16 17 18 19 20 | 20.6
Fighting       | 4 5 6 7 9 10 11 12 13 14 15 16 17 18 19 20 | 20.6
Shields        | 4 5 6 7 9 10 11 12 13 14 15 | 15.0
Polearms       | 3 4 5 6 7 9 10 11 12 13 14 | 14.2
Invocations    | 3 7 9 11 12 13 14 15 16 17 | 17.2
Dodging        | 1 5 7 9 10 11 12 13 17 18 | 18.4
Crossbows      | 5 8 11 13 14 15 | 15.2
Maces & Flails | 3 6 8 10 11 13 16 | 16.0
Evocations     | 5 |  5.9

Action                   |  1- 3 |  4- 6 |  7- 9 | 10-12 | 13-15 | 16-18 | 19-21 | 22-24 || total
-------------------------+-------+-------+-------+-------+-------+-------+-------+-------++-------
Melee: Trident           |   110 |   139 |   310 |   758 |  1382 |  1173 |  1552 |       ||  5424
       Headbutt          |    10 |    27 |    55 |   190 |   413 |   326 |   713 |   324 ||  2058
       Morningstar       |       |       |       |       |       |       |   368 |   749 ||  1117
       Spear             |       |       |       |       |       |       |    37 |       ||    37
 Fire: Hunting sling     |       |     2 |    16 |     3 |     7 |       |       |       ||    28
       Hand crossbow     |       |       |       |       |    13 |    34 |   170 |    34 ||   251
Throw: Boomerang         |       |       |       |       |       |       |     2 |       ||     2
Invok: Animate Remains   |       |       |     9 |    17 |       |       |       |       ||    26
       Animate Dead      |       |       |       |    30 |    83 |   117 |    87 |    32 ||   349
       Recall Undead Sla |       |       |       |     1 |     3 |     9 |     6 |     2 ||    21
       Drain Life        |       |       |       |       |     1 |       |     6 |     3 ||    10
       Injury Mirror     |       |       |       |       |       |       |     2 |       ||     2
  Use: Scroll            |       |     1 |     6 |     6 |    23 |    10 |    13 |     4 ||    63
       Potion            |       |       |       |       |     1 |     2 |     6 |     4 ||    13
 Stab: Distracted        |       |       |     1 |     1 |    13 |    22 |    17 |    10 ||    64
       Confused          |       |       |       |       |     1 |       |       |       ||     1
       Paralysed         |       |       |       |       |       |     2 |     2 |       ||     4
       Held in net/web   |       |       |       |       |       |     4 |       |       ||     4
Armor: Scale mail        |    40 |    54 |    43 |       |       |       |       |       ||   137
       Plate armour      |       |       |    56 |   203 |       |       |       |       ||   259
       Chain mail        |       |       |       |     5 |   333 |   374 |   513 |       ||  1225
       Gold dragon scale |       |       |       |       |       |       |   110 |   398 ||   508
Dodge: Dodged            |    32 |    33 |    28 |    62 |   144 |   317 |   576 |   381 ||  1573
Block: Kite shield       |    53 |    51 |    10 |       |    10 |   714 |  1259 |   580 ||  2677
       Tower shield      |       |       |   208 |   506 |   944 |       |       |       ||  1658

Table legend: (Time is in decaauts)
 A = Elapsed time spent in this place.
 B = Non-inter-level travel time spent in this place.
 C = Inter-level travel time spent in this place.
 D = Time resting spent in this place.
 E = Time spent auto-exploring this place.
 F = Levels seen in this place.
 G = Mean time per level.
                   A        B        C        D        E       F      G
               +--------+--------+--------+--------+--------+-----+--------+
         Total |  74111 |  63877 |  10234 |  25226 |  21967 |  53 | 1398.3 |
       Dungeon |  21598 |  19573 |   2025 |   5717 |  10646 |  15 | 1439.9 |
        Temple |    192 |    161 |     31 |      0 |    159 |   1 |  192.0 |
          Lair |  10499 |   9836 |    663 |   2614 |   5243 |   6 | 1749.8 |
         Swamp |   5106 |   4715 |    391 |   1924 |   1861 |   4 | 1276.5 |
   Spider Nest |   6607 |   5826 |    781 |   2860 |   1920 |   4 | 1651.8 |
  Orcish Mines |   2960 |   2380 |    580 |   1326 |    374 |   2 | 1480.0 |
   Elven Halls |   5604 |   4249 |   1355 |   2139 |    303 |   3 | 1868.0 |
        Vaults |  10346 |   7994 |   2352 |   4777 |      0 |   4 | 2586.5 |
        Depths |  10071 |   8018 |   2053 |   3386 |   1460 |   5 | 2014.2 |
      Ziggurat |    995 |    995 |      0 |    482 |      0 |   8 |  124.4 |
         Trove |    129 |    129 |      0 |      0 |      0 |   1 |  129.0 |
               +--------+--------+--------+--------+--------+-----+--------+

Top non-repeatable levels by time:
Depths:5: 3348 daAuts
Vaults:2: 3076 daAuts
Vaults:3: 2654 daAuts
   Elf:3: 2652 daAuts
  Lair:4: 2413 daAuts
     D:7: 2387 daAuts
  Lair:6: 2359 daAuts
Vaults:4: 2323 daAuts
Spider:2: 2313 daAuts
Vaults:1: 2291 daAuts
 Swamp:1: 2232 daAuts
     D:9: 2216 daAuts
     D:8: 2130 daAuts
Depths:2: 2104 daAuts
Spider:3: 2046 daAuts
